 Dungeon Crawl Stone Soup version 0.30-a0-1094-g860fb061e7 (webtiles) character file.

Game seed: 2110916154384750827

88 Chudface the Insei (level 5, -1/61 HPs)
             Began as a Meteoran Wanderer on Apr 17, 2023.
             Slain by a steam dragon (4 damage)
             ... on level 6 of the Dungeon.
             The game lasted 00:06:33 (1008 turns).

Chudface the Insei (Meteoran Wanderer)              Turns: 1008, Time: 00:06:34

Health: -1/61      AC: 22    Str: 14    XL:     5   Next: 10%
Magic:  8/8        EV:  2    Int: 14    God:
Gold:   130        SH:  0    Dex: 14    Spells: 5/6 levels left

rFire   . . .      SeeInvis .      - Unarmed
rCold   . . .      Faith    .    b - +0 buckler
rNeg    . . .      Spirit   .    c - melded +0 robe
rPois   +          Reflect  .    (helmet currently unavailable)
rElec   .          Rampage  .    (cloak currently unavailable)
rCorr   .          NoTele   +    (gloves currently unavailable)
Will    .....                    p - melded +0 pair of boots
Stlth   +                        (no amulet)
HPRegen 0.30/turn                (no ring)
MPRegen 0.11/turn                (no ring)

@: confused, tree-form, ambrosia-drunk, hasted, glowing, very quick
A: stationary, stasis, torment immunity, boosted hp, sense surroundings 1,
otherworldly, glowing, explore regen
a: no special abilities


You were on level 6 of the Dungeon.
You were a tree.
You visited 1 branch of the dungeon, and saw 5 of its levels.

You collected 130 gold pieces.

Inventory:

Hand Weapons
 a - a +0 dagger
 i - a +0 short sword of draining
 l - a +2 short sword of venom
Armour
 b - a +0 buckler (worn)
 c - a +0 robe (melded)
 n - a +0 chain mail
 p - a +0 pair of boots (melded)
Magical Staves
 k - a staff of death
Wands
 u - a wand of mindburst (5)
Scrolls
 d - 3 scrolls of fear
 e - 2 scrolls of immolation
 g - 2 scrolls of identify {unknown}
 j - a scroll of noise {unknown}
 m - 2 scrolls of magic mapping {unknown}
 q - a scroll of torment {unknown}
 r - 2 scrolls of teleportation {unknown}
Potions
 f - a potion of degeneration {unknown}
 h - a potion of lignification
 o - a potion of magic {unknown}
 s - a potion of haste


   Skills:
 + Level 1.6 Fighting
 + Level 2.4 Armour
 + Level 1.8 Dodging
 + Level 2.4 Shields
 + Level 6.4 Unarmed Combat
 - Level 1.3 Spellcasting
 - Level 2.4 Hexes


You had 5 spell levels left.
You knew the following spells:

 Your Spells              Type           Power      Damage    Failure   Level
a - Slow                  Hex            28%        N/A       12%         1

Your spell library contained the following spells:

 Spells                   Type           Power      Damage    Failure   Level
 Dazzling Flash           Conj/Hex       8%         N/A       52%         3


Dungeon Overview and Level Annotations

Branches:
Dungeon (4/15) Zot: 2006
 Temple: D:4-7

Altars:
Fedhas


Innate Abilities, Weirdness & Mutations

You are a tree.
Your roots penetrate the ground, keeping you stationary.
You cannot be teleported.
You are immune to unholy pain and torment.
Your maximum health is greatly increased.
Your equipment is partially melded.
You passively map a small area around you.
You are easily found by Zot.
You glow in the dark.
You regain HP and MP as you explore.


Message History

Casting: Slow (safe; 12% risk of failure)
Confirm with . or Enter, or press ? or * to list all spells.
Aiming: Slow (safe; 12% risk of failure)
Press: ? - help, Shift-Dir - straight line, f/p - steam dragon
Aim: a steam dragon (chance to affect: 40%)
The steam dragon seems to slow down.
The steam dragon misses you. You block the steam dragon's attack.
You hit the steam dragon.
The steam dragon is lightly wounded.
The steam dragon breathes steam at you. The ball of steam hits you!
* * * LOW HITPOINT WARNING * * *
You completely miss the steam dragon.
The steam dragon is lightly wounded.
The steam dragon bites you!
* * * LOW HITPOINT WARNING * * *
The steam dragon barely misses you.
It was a potion of lignification.
You turn into a tree.
Your +0 pair of boots melds into your body.
Your +0 robe melds into your body.
Your roots penetrate the ground.
The steam dragon completely misses you.
The steam dragon claws you but does no damage.
It was a potion of haste.
You feel yourself speed up.
It was a potion of ambrosia.
You are confused.
You feel invigorated. The steam dragon breathes steam at you.
The ball of steam hits you but does no damage.
You cannot move. (Use ctrl+direction or * direction to attack while stationary and confused.)
You cannot move. (Use ctrl+direction or * direction to attack while stationary and confused.)
You closely miss the steam dragon.
The steam dragon is lightly wounded.
You are engulfed in a cloud of scalding steam.
* * * LOW HITPOINT WARNING * * *
You swing at nothing.
You are engulfed in a cloud of scalding steam.
* * * LOW HITPOINT WARNING * * *
The steam dragon is no longer moving slowly.
The steam dragon bites you.
You die...

* .. * ..
, , #. *,
, * #.#*
, > *
#..##* ,
* * #..##
*** *
#..### *
##...# ,
* #§♣D.#
#.§..# *
,*
#........
, ~ * *
####....#
*....+, ,
, *....#*
* *
...... ,
* ......
, ,


You could see a steam dragon (catching breath).

Vanquished Creatures
  A gnoll (D:1)
  An adder (D:3)
  A worm (D:2)
  A dart slug (D:2)
  4 orcs (D:3)
  7 bats
  7 endoplasms
  2 giant cockroaches
  2 goblins
  7 hobgoblins
  2 jackals (D:1)
  4 quokkas (D:1)
  2 ball pythons (D:2)
  2 frilled lizards
  6 kobolds
  9 rats
58 creatures vanquished.

Vanquished Creatures (others)
  7 fungi (D:6)
7 creatures vanquished.

Grand Total: 65 creatures vanquished

Notes
Turn   | Place    | Note
-------+----------+-------------------------------------------
     0 | D:1      | Chudface the Meteoran Wanderer began the quest for the Orb.
     0 | D:1      | Chudface set off with the following items: a +0 dagger, a
                  | +0 buckler, a +0 robe, 3 scrolls of fear; and the following
                  | spell memorised: Slow; and the following spells available
                  | to memorise: Dazzling Flash.
     0 | D:1      | Reached XP level 1. HP: 14/14 MP: 3/3
    62 | D:1      | Reached XP level 2. HP: 22/22 MP: 5/5
   204 | D:1      | Reached skill level 1 in Dodging
   204 | D:1      | Reached XP level 3. HP: 23/27 MP: 6/6
   308 | D:1      | Reached skill level 1 in Fighting
   507 | D:1      | Reached XP level 4. HP: 13/34 MP: 7/7
   865 | D:2      | Found a blossoming altar of Fedhas.
   938 | D:4      | Noticed a scorpion
   981 | D:3      | Reached XP level 5. HP: 41/41 MP: 8/8
   991 | D:3      | You fall into a shaft and drop 3 floors!
   993 | D:6      | Noticed a steam dragon
  1003 | D:6      | HP: 1/41 [steam dragon (9)]
  1008 | D:6      | HP: 1/61 [steam dragon] (3)]
  1008 | D:6      | Slain by a steam dragon

Illustrated notes

Levels and vault maps discovered:
D:1:      dpeg_arrival_ratfight, layout_basic, minmay_misc_feat_cross,
          nrook_loot_triangle, minmay_tiny_reverse_x
D:2:      layout_basic, basic_altar
D:3:      layout_basic, uniq_robin
D:4:      layout_layer_cave, nicolae_shop_unique_rings,
          dreamdust_princess_corridor, kennysheep_decorative_pillar,
          uniq_menkaure
D:6:      lemuel_ice_spiral_2, layout_basic, serial_aquarium,
          aquarium_bridge_straight [aquarium_subvault_bridge,
          aquarium_subvault_wall, aquarium_subvault_bridge,
          aquarium_subvault_balcony], aquarium_bridge_straight
          [aquarium_subvault_bridge, aquarium_subvault_wall,
          aquarium_subvault_bridge, aquarium_subvault_balcony],
          aquarium_window_corner, aquarium_window_2, aquarium_view_2c,
          uniq_duvessa, uniq_prince_ribbit1

Skill      XL: |  1  2  3 |
---------------+----------+-----
Dodging        | 1 |  1.8
Fighting       | 1 |  1.6
Armour         | 2 |  2.4
Shields        | 2 |  2.4
Unarmed Combat | |  6.4
Spellcasting   | |  1.3
Hexes          | |  2.4

Action                     |  1- 3 |  4- 6 || total
---------------------------+-------+-------++-------
  Melee: Unarmed           |   106 |    53 ||   159
         Short sword       |     6 |       ||     6
   Cast: Slow              |       |     3 ||     3
    Use: Scroll            |       |     1 ||     1
         Potion            |       |     3 ||     3
 Armour: Robe              |    22 |     4 ||    26
         Skin              |       |     2 ||     2
  Dodge: Dodged            |    45 |    15 ||    60
  Block: Buckler           |    20 |    11 ||    31

Table legend: (Time is in decaauts)
 A = Elapsed time spent in this place.
 B = Non-inter-level travel time spent in this place.
 C = Inter-level travel time spent in this place.
 D = Time resting spent in this place.
 E = Time spent auto-exploring this place.
 F = Levels seen in this place.
 G = Mean time per level.
                   A        B        C        D        E       F      G
               +--------+--------+--------+--------+--------+-----+--------+
         Total |    993 |    859 |    134 |      0 |      0 |   5 |  198.6 |
       Dungeon |    993 |    859 |    134 |      0 |      0 |   5 |  198.6 |
               +--------+--------+--------+--------+--------+-----+--------+

Top non-repeatable levels by time:
     D:1: 531 daAuts
     D:2: 336 daAuts
     D:3: 108 daAuts
     D:6: 15 daAuts
     D:4: 1 daAuts
